 Dungeon Crawl Stone Soup version 0.30.0-29-ga12c61a403 (webtiles) character file.

Game seed: 9160263969463237128

272 growler the Digger (level 6, -1/36 HPs)
             Began as an Octopode Earth Elementalist on June 23, 2023.
             Slain by a sleepcap (11 damage)
             ... on level 5 of the Dungeon.
             The game lasted 00:09:44 (3527 turns).

growler the Digger (Octopode Earth Elementalist)    Turns: 3527, Time: 00:09:45

Health: -1/36      AC:  1    Str:  8    XL:     6   Next: 23%
Magic:  4/12       EV:  2    Int: 19    God:
Gold:   263        SH:  0    Dex: 12    Spells: 3/13 levels left

rFire   + . .        (no weapon)
rCold   . . .        (no shield)
rNeg    . . .        (helmet restricted)
rPois   .            h - amulet of the acrobat
rElec   .            o - ring of protection from fire
rCorr   .            (no ring)
SInv    .            (no ring)
Will    .....        (no ring)
Stlth   +++          (no ring)
HPRegen 0.26/turn    (no ring)
MPRegen 0.13/turn    (no ring)
                     (no ring)

%: acrobat
@: sleeping
A: almost no armour, amphibious, 8 rings, camouflage 1, gelatinous body 1,
(nimble swimmer 1), tentacles
a: no special abilities


You were on level 5 of the Dungeon.
You visited 2 branches of the dungeon, and saw 6 of its levels.

You collected 263 gold pieces.

Inventory:

Hand Weapons
 i - the +3 war axe "Hiedost" {freeze, rN++ Will++ Str-3}
   (You found it on level 2 of the Dungeon)

   Str:       It affects your strength (-3).
   rN:        It greatly protects you from negative energy.
   Will:      It greatly increases your willpower.
Jewellery
 h - an amulet of the acrobat (around mantle)
 o - a ring of protection from fire (left tentacle)
Scrolls
 b - a scroll of noise {unknown}
 f - a scroll of blinking {unknown}
 j - a scroll of vulnerability {unknown}
 n - a scroll of fear {unknown}
 p - a scroll of enchant armour {unknown}
 r - a scroll of immolation {unknown}
 s - a scroll of magic mapping {unknown}
 v - a scroll of butterflies {unknown}
Potions
 a - 2 potions of magic
 c - 2 potions of brilliance {unknown}
 d - a potion of lignification
 e - 3 potions of might {unknown}
 g - a potion of ambrosia
 k - a potion of cancellation {unknown}
 l - a potion of flight {unknown}
 m - a potion of berserk rage {unknown}
 q - a potion of heal wounds {unknown}
 t - a potion of degeneration {unknown}
 u - 2 potions of mutation {unknown}


   Skills:
 - Level 2.0 Dodging
 - Level 2.6 Stealth
 + Level 4.3 Spellcasting
 - Level 1.0 Transmutations
 + Level 5.2 Earth Magic


You had 3 spell levels left.
You knew the following spells:

 Your Spells              Type           Power      Damage    Failure   Level
a - Sandblast             Erth           48%        2d12      1%          1
b - Passwall              Tmut/Erth      12%        N/A       5%          2
c - Stone Arrow           Conj/Erth      28%        3d8       14%         3
d - Petrify               Tmut/Erth      15%        N/A       36%         4

Your spell library contained the following spells:

 Spells                   Type           Power      Damage    Failure   Level
 Cigotuvi's Dreadful Rot  Necr/Pois/Air  8%         N/A       21%         2
 Ensorcelled Hibernation  Hex/Ice        8%         N/A       21%         2
 Spider Form              Tmut/Pois      6%         N/A       32%         3
 Ignite Poison            Fire/Tmut/Pois 5%         N/A       34%         3
 Summon Guardian Golem    Hex/Summ       4%         N/A       36%         3
 Anguish                  Hex/Necr       2%         N/A       78%         4
 Freezing Cloud           Conj/Ice/Air   2%         6-21      98%         5
 Orb of Destruction       Conj           2%         9d5       100%        7
 Spellforged Servitor     Conj/Summ      2%         N/A       100%        7


Dungeon Overview and Level Annotations

Branches:
Dungeon (5/15)             Temple (1/1) D:4

Altars:
Ashenzari
Cheibriados
Dithmenos
Elyvilon
Fedhas
Gozag
Makhleb
Nemelex Xobeh
Ru
Sif Muna
Uskayaw
Wu Jian
Xom
Zin
The Shining One

Annotations:
D:4 1 runed translucent door, Crazy Yiuf, Dowan, Duvessa


Innate Abilities, Weirdness & Mutations

You cannot wear most types of armour.
You are amphibious.
You can wear up to eight rings at the same time.
Your skin changes colour to match your surroundings (Stealth+).
Your rubbery body absorbs attacks. (AC +1, EV +1)
((You are camouflaged when in or above water. (Stealth+)))
You have tentacles for arms and can constrict up to eight enemies at once.


Message History

Aim: a shadow imp (81% to hit)
The blast of sand hits the shadow imp!
You kill the shadow imp!
The sleepcap releases spores at you.
Casting: Sandblast (safe; 1% risk of failure)
Confirm with . or Enter, or press ? or * to list all spells.
Aiming: Sandblast (safe; 1% risk of failure)
Press: ? - help, Shift-Dir - straight line, f - sleepcap
Aim: a sleepcap (moderately damaged, 100% to hit)
The blast of sand hits the sleepcap!
The sleepcap is severely damaged.
The sleepcap releases spores at you.
You are engulfed in a cloud of soporific spores!
You fall asleep.
The sleepcap releases spores at you!
You wake up.
You are engulfed in a cloud of soporific spores!
You are unaffected.
Casting: Sandblast (safe; 1% risk of failure)
Confirm with . or Enter, or press ? or * to list all spells.
Aiming: Sandblast (safe; 1% risk of failure)
Press: ? - help, Shift-Dir - straight line, f/p - sleepcap
Aim: a sleepcap (severely damaged, 100% to hit)
The blast of sand hits the sleepcap but does no damage.
The sleepcap is severely damaged.
The sleepcap releases spores at you.
You are engulfed in a cloud of soporific spores!
You are unaffected.
Casting: Sandblast (safe; 1% risk of failure)
Confirm with . or Enter, or press ? or * to list all spells.
Aiming: Sandblast (safe; 1% risk of failure)
Press: ? - help, Shift-Dir - straight line, f/p - sleepcap
Aim: a sleepcap (severely damaged, 100% to hit)
The blast of sand hits the sleepcap but does no damage.
The sleepcap is severely damaged.
The sleepcap releases spores at you.
* * * LOW HITPOINT WARNING * * *
You are engulfed in a cloud of soporific spores!
You fall asleep.
The sleepcap releases spores at you!
You die...

#.###.#.....#
##...###...##
#.....#.###.#
..#...#...# .# .
#####...# # ..#.
#...# .#
#.....#.###.#
##...###...###.
..###f@.......#
#.....#..#.#..#
#.#....>$.......
...$....###.# #
........... .#
.....#..##.# #
.....#.. .#
........ .#


You could see a sleepcap.

Vanquished Creatures
  A scorpion (D:5)
  A hound (D:5)
  A jelly (D:5)
  7 adders
  A shadow imp (D:5)
  An ufetubus (D:4)
  A worm (D:3)
  3 dart slugs
  4 orcs
  4 ball pythons
  6 endoplasms
  A giant cockroach (D:3)
  7 hobgoblins
  5 jackals (D:2)
  2 quokkas
  5 bats
  2 frilled lizards
  4 goblins
  7 kobolds
  3 rats
66 creatures vanquished.

Notes
Turn   | Place    | Note
-------+----------+-------------------------------------------
     0 | D:1      | growler the Octopode Earth Elementalist began the quest for
                  | the Orb.
     0 | D:1      | Reached XP level 1. HP: 11/11 MP: 3/3
   151 | D:1      | Reached XP level 2. HP: 17/17 MP: 3/5
   156 | D:1      | Learned a level 2 spell: Passwall
   294 | D:1      | Found a faded altar of an unknown god.
   807 | D:1      | Reached XP level 3. HP: 21/21 MP: 4/6
   811 | D:1      | Learned a level 3 spell: Stone Arrow
  1084 | D:2      | Identified the +3 war axe "Hiedost" {freeze, rN++ Will++
                  | Str-3}
  1492 | D:2      | Reached skill level 4 in Earth Magic
  1492 | D:2      | Reached XP level 4. HP: 27/27 MP: 6/8
  1937 | D:3      | Found a snail-covered altar of Cheibriados.
  2701 | D:4      | Reached XP level 5. HP: 31/31 MP: 6/10
  2706 | D:4      | Learned a level 4 spell: Petrify
  2760 | D:4      | Found a runed translucent door.
  2761 | D:4      | Noticed Crazy Yiuf
  2827 | D:4      | Noticed Dowan
  2831 | D:4      | Noticed Duvessa
  3016 | D:4      | Found a staircase to the Ecumenical Temple.
  3025 | Temple   | Entered the Ecumenical Temple
  3268 | D:5      | Entered Level 5 of the Dungeon
  3355 | D:5      | Reached skill level 5 in Earth Magic
  3355 | D:5      | Reached XP level 6. HP: 24/36 MP: 4/12
  3527 | D:5      | Slain by a sleepcap

Illustrated notes

Levels and vault maps discovered:
D:1:      lightli_iron_boxes, layout_loops_cross, ebering_ecumenical_altar_hall,
          dreamdust_princess_corridor
D:2:      layout_loops_ring, serial_glass, glass_columns_b, glass_columns_a,
          minmay_misc_feat_four_crosses
D:3:      minmay_wonky_spiral, layout_rooms, kennysheep_slug_shrine
D:4:      layout_rooms, minmay_temple_entry_poolview, uniq_duvessa,
          uniq_crazy_yiuf_cottage
D:5:      nicolae_cairo_tiling, layout_basic, ebering_ghost_sewer_f,
          glass_columns_b
Temple:   zaba_magenta_temple

Skill      XL: |  1  2  3  4  5 |
---------------+----------------+-----
Spellcasting   | 3 4 |  4.3
Earth Magic    | 4 5 |  5.2
Dodging        | |  2.0
Stealth        | |  2.6
Transmutations | |  1.0

Action                     |  1- 3 |  4- 6 || total
---------------------------+-------+-------++-------
  Melee: Unarmed           |     1 |       ||     1
         Constrict         |     1 |       ||     1
         Tentacles         |     1 |       ||     1
   Cast: Sandblast         |    45 |    60 ||   105
         Stone Arrow       |       |     2 ||     2
    Use: Scroll            |       |     2 ||     2
 Armour: Skin              |     1 |     2 ||     3
  Dodge: Dodged            |     3 |    18 ||    21
